 Dungeon Crawl Stone Soup version 0.25-a0-696-g42a9e46d90 (webtiles) character file.

Game seed: 14498385948502082999, levelgen mode: deterministic

8982 CryoSword the Covert (level 11, -2/67 HPs)
             Began as a Gargoyle Earth Elementalist on Mar 31, 2020.
             Was an Elder of Makhleb.
             Slain by a troll (5 damage)
             ... on level 11 of the Dungeon.
             The game lasted 00:46:32 (13882 turns).

CryoSword the Covert (Gargoyle Earth Elementalist) Turns: 13882, Time: 00:46:33

Health: -2/67      AC: 13    Str: 13    XL:     11   Next: 39%
Magic:  16/17      EV: 14    Int: 18    God:    Makhleb [****..]
Gold:   730        SH:  0    Dex: 10    Spells: 7/18 levels left

rFire    . . .     SeeInvis .   K - +2 flail (drain)
rCold    . . .     Gourm    .   (no shield)
rNeg     + . .     Faith    .   A - +0 leather armour {MR+}
rPois    ∞         Spirit   .   h - +0 helmet
rElec    +         Reflect  .   (no cloak)
rCorr    .         Harm     .   f - +0 pair of gloves
MR       +....                  (no boots)
Stlth    ++++......             k - amulet of regeneration
HPRegen  0.61/turn              M - ring of wizardry
MPRegen  0.15/turn              (no ring)

@: no status effects
A: negative energy resistance 1, electricity resistance, unbreathing,
petrification resistance, rot immunity, AC +8
a: Minor Destruction, Lesser Servant of Makhleb, Major Destruction, Renounce
Religion


You were on level 11 of the Dungeon.
You worshipped Makhleb.
Makhleb was greatly pleased with you.
You were hungry.

You visited 1 branch of the dungeon, and saw 11 of its levels.

You collected 730 gold pieces.

Inventory:

Hand Weapons
 K - a +2 flail of draining (weapon)
   (You took it off an orc on level 6 of the Dungeon)
Missiles
 b - 195 stones
 p - 23 boomerangs
 v - 26 poisoned darts
 F - 4 throwing nets
 G - 14 datura-tipped darts (quivered)
Armour
 f - a +0 pair of gloves (worn)
   (You found it on level 6 of the Dungeon)
 h - a +0 helmet (worn)
   (You found it on level 1 of the Dungeon)
 A - a +0 leather armour of magic resistance (worn)
   (You took it off an orc on level 9 of the Dungeon)
 I - a +0 kite shield
   (You took it off a gnoll sergeant on level 6 of the Dungeon)
 O - a +2 robe of cold resistance
   (You took it off Fannar on level 10 of the Dungeon)
Jewellery
 k - an amulet of regeneration (around neck)
   (You took it off a goblin on level 1 of the Dungeon)
 M - a ring of wizardry (left hand)
   (You found it on level 7 of the Dungeon)
Wands
 t - a wand of digging (10)
   (You took it off an orc on level 6 of the Dungeon)
 D - a wand of iceblast (8)
   (You found it on level 4 of the Dungeon)
 R - a wand of paralysis (9)
   (You found it on level 10 of the Dungeon)
Scrolls
 a - a scroll of amnesia {unknown}
 e - 8 scrolls of remove curse {@r2}
 g - a scroll of noise {unknown}
 i - a scroll of random uselessness {unknown}
 l - 4 scrolls of teleportation {@r4}
 q - a scroll of fog {unknown}
 s - 3 scrolls of magic mapping
 w - 3 scrolls of immolation {!r}
 x - 2 scrolls of enchant weapon
 B - a scroll of enchant armour {unknown}
 L - a scroll of fear {unknown}
 N - 3 scrolls of blinking {unknown}
Potions
 j - 2 potions of haste {unknown}
 m - 7 potions of might
 n - 3 potions of lignification {unknown}
 o - 4 potions of flight {unknown}
 r - 5 potions of mutation {unknown}
 u - 2 potions of berserk rage {unknown}
 z - 2 potions of stabbing {unknown}
 C - a potion of curing {unknown}
 E - 2 potions of heal wounds {unknown}
 H - a potion of magic {unknown}
 P - 3 potions of brilliance {unknown}
 Q - a potion of ambrosia {unknown}
Comestibles
 d - 19 rations {!d}


   Skills:
 * Level 7.4 Fighting
 * Level 7.1 Maces & Flails
 + Level 6.3 Dodging
 + Level 9.1 Stealth
 - Level 4.0 Spellcasting
 - Level 4.0 Conjurations
 - Level 3.0 Transmutations
 + Level 8.1 Earth Magic
 + Level 4.5 Invocations


You had 7 spell levels left.
You knew the following spells:

 Your Spells              Type           Power        Failure   Level  Hunger
a - Sandblast             Erth           ####..       1%          1    None
b - Stone Arrow           Conj/Erth      ####..       1%          3    ###....
c - Passwall              Tmut/Erth      ###.....     1%          2    ##.....
d - Lee's Rapid Deconstr  Erth           ####......   8%          5    ######.

Your spell library contained the following spells:

 Spells                   Type           Power        Failure   Level  Hunger
 Magic Dart               Conj           ###.         1%          1    None
 Searing Ray              Conj           ###...       2%          2    ##.....
 Petrify                  Tmut/Erth      ###.....     8%          4    ####...
 Dazzling Flash           Conj/Hex       ##....       10%         3    ###....
 Fulminant Prism          Conj/Hex       ##........   32%         4    ####...
 Iskenderun's Mystic Bla  Conj/Tloc      ##......     32%         4    ####...
 Cause Fear               Hex            #.........   56%         4    ####...
 Yara's Violent Unravell  Hex/Tmut       #.........   69%         5    ######.
 Silence                  Hex/Air        #.........   87%         5    ######.
 Deflect Missiles         Chrm/Air       #.........   100%        6    #######
 Discord                  Hex            #.........   100%        8    #######


Dungeon Overview and Level Annotations

Branches:
Dungeon (11/15)            Temple (0/1) D:4             Orc (0/2) D:9
   Lair: D:8-11

Altars:
Ashenzari
Cheibriados
Dithmenos
Gozag
Hepliaklqana
Kikubaaqudgha
Makhleb
Sif Muna
Trog
Uskayaw
Yredelemnul
Zin
The Shining One

Annotations:
D:8 3 runed translucent doors, hemabe's ghost, novice HuAr
D:9 2 transporters, Soxtaodgh's ghost, journeyman DsGl


Innate Abilities, Weirdness & Mutations

You are resistant to torment.
Your stone body is resilient. (AC +8)
You are immune to poison.
You resist negative energy. (rN+)
You are resistant to electric shocks. (rElec)
You can survive without breathing.
You are immune to petrification.
You are immune to rotting.


Message History

Unknown command.
A demon appears!
The wraith hits you. The wraith barely misses you.
You hit the wraith. The wraith hits you!
* * * LOW HITPOINT WARNING * * *
The wraith closely misses you. The wraith hits your neqoxec.
The wraith drains your neqoxec's vigour!
Your neqoxec seems to slow down.
Your neqoxec gestures.
Your ufetubus hits the wraith but does no damage. x2
The wraith hits you.
* * * LOW HITPOINT WARNING * * *
The wraith drains your vigour!
You feel as though you will be slow longer.
Your ufetubus barely misses the wraith.
Your ufetubus hits the wraith but does no damage.
Your neqoxec barely misses the wraith.
The wraith barely misses you.
You closely miss the wraith. Your ufetubus hits the wraith.
Your ufetubus hits the wraith but does no damage.
Your ufetubus closely misses the wraith. x3
Your ufetubus hits the wraith but does no damage.
Your ufetubus closely misses the wraith.
Your ufetubus hits the wraith but does no damage.
The wraith hits you!
* * * LOW HITPOINT WARNING * * *
The wraith drains your vigour!
You feel as though you will be slow longer.
Your neqoxec gestures.
Your ufetubus hits the wraith but does no damage.
Your ufetubus barely misses the wraith.
Your ufetubus closely misses the wraith. x2
Your neqoxec hits the wraith! The wraith hits you!
* * * LOW HITPOINT WARNING * * *
You swap places.
Your neqoxec is no longer moving slowly.
Your ufetubus disappears in a puff of smoke!
Your ufetubus barely misses the wraith.
Your ufetubus hits the wraith but does no damage.
Your ufetubus misses the wraith.
Your ufetubus closely misses the wraith.
Your shadow imp hits the wraith but does no damage.
The wraith hits your shadow imp but does no damage.
Your neqoxec hits the wraith.
Your ufetubus hits the wraith but does no damage. x2
Your ufetubus barely misses the wraith. x2
Your shadow imp hits the wraith but does no damage. x2
The wraith completely misses your ufetubus.
Your neqoxec misses the wraith.
Your shadow imp closely misses the wraith.
Your ufetubus barely misses the wraith.
Your ufetubus closely misses the wraith.
Your shadow imp barely misses the wraith.
The wraith hits your ufetubus!
Your ufetubus dies!
Aim: a wraith (severely damaged)
Okay, then.
Your neqoxec hits the wraith but does no damage.
Your shadow imp hits the wraith.
Your shadow imp hits the wraith but does no damage.
Your neqoxec barely misses the wraith.
Aim: a wraith (severely damaged)
Okay, then.
Aim: a wraith (severely damaged)
The blast of sand hits the wraith.
b - 195 stones Your shadow imp barely misses the wraith.
The wraith misses you.
Aim: a wraith (severely damaged) Really fire in your neqoxec's direction?
Okay, then.
Your neqoxec disappears in a puff of smoke!
Your shadow imp disappears in a puff of smoke! x2
Aim: a wraith (severely damaged)
The wraith is unaffected.
The wraith closely misses you. The wraith misses you.
Aim: a wraith (severely damaged)
The zap hits the wraith.
The wraith barely misses you.
Okay, then.
As you read the scroll of teleportation {@r4}, it crumbles to dust.
You feel strangely unstable. The wraith barely misses you.
The wraith hits you but does no damage.
Aim: a wraith (severely damaged)
The stone arrow hits the wraith.
The wraith hits you!
* * * LOW HITPOINT WARNING * * *
The wraith drains your vigour!
You feel as though you will be slow longer.
Aim: a wraith (almost destroyed)
The stone arrow hits the wraith!
You destroy the wraith!
Makhleb accepts your kill.
You feel better.
Okay, then.
Your surroundings suddenly seem different.
An orc comes into view. It is wielding a +4 falchion.
The orc shouts!
An orc comes into view. It is wielding a +0 flail.
The orc shouts!
An orc comes into view. It is wielding a +0 war axe.
The orc shouts!
You hear a howl!
An orc comes into view. It is wielding a +0 hand axe.
An orc priest comes into view. It is wielding a +0 mace.
The orc closely misses you.
A wight comes into view. It is wielding a +0 short sword.
A wight comes into view. It is wielding a +0 scimitar.
A wight comes into view. It is wielding a +0 short sword.
A wight comes into view. It is wielding a +4 scimitar.
You hear a shout! x3
Found a great mace.
A wight comes into view.
It is wielding a +3 short sword of freezing.
The orc priest looks encouraged for a moment.
The wight hits you with a +0 short sword.
* * * LOW HITPOINT WARNING * * *
The wight hits you but does no damage.
A howler monkey comes into view.
An orc priest comes into view.
An orc warrior comes into view. It is wielding a +0 short sword.
The howler monkey hoots and howls with incredible vigour!
You hear a shout! x2; You hear a howl!
You hear a shout! x2
The wight barely misses you.
You are feeling hungry.
An orc comes into view. It is wielding a +0 short sword.
A troll comes into view.
The wight closely misses you. The howler monkey barely misses you.
The howler monkey completely misses you.
The howler monkey closely misses you.
Found a ration.
An ogre comes into view. It is wielding a +0 giant club.
The howler monkey barely misses you.
The ogre shouts!
The wight hits you but does no damage. The howler monkey hits you.
The ogre completely misses you. The howler monkey hits you.
* * * LOW HITPOINT WARNING * * *
A sky beast comes into view.
The ogre hits you with a +0 giant club!
* * * LOW HITPOINT WARNING * * *
The howler monkey hoots and howls with incredible vigour!
You hear a shout! x2; You hear a howl!
You hear a screech!
You feel yourself speed up. The ogre hits you with a +0 giant club!
* * * LOW HITPOINT WARNING * * *
The ogre closely misses you. The howler monkey closely misses you.
Found 12 gold pieces.
The howler monkey hoots and howls with incredible vigour!
You hear a howl!
You sock the orc priest! You drain the orc priest. The orc priest misses you.
The troll bites you.
* * * LOW HITPOINT WARNING * * *
The troll claws you.
You die...

#..........#
+..........#
#.........%# .
#..........+ #..
###.....zz...#....
#.....ooooO....... ..
##.###..#o#Y.###... #.
#..#....#.#Th#
###.##.o###..###@.#
)....T...o....oo......#
.....##.#.#..###..###.#
.....##o#.#..# #...
.....##o###..#.#..##
.....##.o.......$..
...oo...###..###..#
....o##o# # #...
#######o#


You could see a troll, a sky beast, an ogre, a howler monkey, a wight, 2 orc
priests and 2 orcs.

Vanquished Creatures
  Fannar (D:10)
  Urug (D:10)
  Maggie (D:8)
  A troll (D:9)
  Grinder (D:3)
  3 hippogriffs
  A hornet (D:10)
  Sigmund (D:3)
  A wraith (D:11)
  3 yaks (D:10)
  Eustachio (D:4)
  Menkaure (D:4)
  9 orc warriors
  A sky beast (D:6)
  A black bear (D:8)
  6 ogres
  An eye of draining (D:9)
  4 phantoms
  5 centaurs
  A big kobold (D:9)
  3 bullfrogs
  A gnoll sergeant (D:6)
  A wyvern zombie (D:8)
  2 scorpions (D:4)
  3 wights
  A lava snake (D:9)
  3 crimson imps
  A jelly (D:10)
  A centaur zombie (D:9)
  A hound (D:9)
  4 human zombies (D:8)
  7 orc priests
  A bullfrog skeleton (D:8)
  2 human skeletons (D:8)
  2 iguanas
  14 orc wizards
  5 worker ants
  A hound zombie (D:6)
  An ogre skeleton (D:8)
  2 hound skeletons (D:4)
  3 mummies (D:8)
  8 gnolls
  14 adders
  A howler monkey skeleton (D:4)
  An ooze (D:4)
  An adder skeleton (D:4)
  5 worms
  14 dart slugs
  7 leopard geckos
  60 orcs
  A ball python (D:1)
  5 bats
  8 giant cockroaches
  5 goblins
  2 hobgoblins
  4 quokkas
  2 frilled lizards
  A giant cockroach zombie (D:6)
  10 kobolds
  6 rats
258 creatures vanquished.

Vanquished Creatures (collateral kills)
  An ogre mage (D:8)
  5 orc warriors (D:9)
  2 orc priests (D:9)
  2 orc wizards (D:9)
  6 orcs (D:9)
16 creatures vanquished.

Grand Total: 274 creatures vanquished

Notes
Turn   | Place    | Note
-------+----------+-------------------------------------------
     0 | D:1      | CryoSword the Gargoyle Earth Elementalist began the quest
                  | for the Orb.
     0 | D:1      | Reached XP level 1. HP: 10/10 MP: 3/3
   158 | D:1      | Reached XP level 2. HP: 15/15 MP: 1/5
  1030 | D:1      | Reached XP level 3. HP: 13/19 MP: 3/6
  1879 | D:2      | Reached skill level 3 in Stealth
  1944 | D:2      | Reached XP level 4. HP: 24/24 MP: 4/7
  2118 | D:2      | Found a glowing silver altar of Zin,
  2532 | D:2      | Reached skill level 5 in Earth Magic
  2794 | D:3      | Found a burning altar of Makhleb,
  2807 | D:3      | Reached XP level 5. HP: 27/28 MP: 5/8
  2813 | D:3      | Became a worshipper of Makhleb the Destroyer
  3428 | D:3      | Found a shattered altar of Ashenzari,
  3524 | D:3      | Noticed Grinder
  3529 | D:3      | Killed Grinder
  3529 | D:3      | Reached skill level 4 in Stealth
  3529 | D:3      | Reached XP level 6. HP: 19/32 MP: 3/9
  3655 | D:3      | Learned a level 3 spell: Stone Arrow
  3658 | D:3      | Learned a level 2 spell: Passwall
  3767 | D:3      | Reached * piety under Makhleb
  3797 | D:3      | Noticed Sigmund
  4384 | D:3      | Killed Sigmund
  4384 | D:3      | Reached skill level 1 in Conjurations
  4384 | D:3      | Reached skill level 1 in Transmutations
  4384 | D:3      | Reached XP level 7. HP: 36/36 MP: 1/10
  4566 | D:4      | Found a hazy altar of Hepliaklqana,
  4656 | D:4      | Noticed Eustachio
  4662 | D:4      | Killed Eustachio
  4662 | D:4      | Reached skill level 5 in Stealth
  4881 | D:4      | Found a staircase to the Ecumenical Temple,
  4932 | D:4      | Reached XP level 8. HP: 41/41 MP: 9/12
  5026 | D:4      | Found a hide-covered altar of Uskayaw,
  5223 | D:4      | Noticed Menkaure
  5225 | D:4      | Killed Menkaure
  5416 | D:5      | Entered Level 5 of the Dungeon
  5515 | D:5      | Found a snail-covered altar of Cheibriados,
  6384 | D:6      | Reached ** piety under Makhleb
  6404 | D:6      | Reached skill level 6 in Stealth
  6804 | D:5      | Reached XP level 9. HP: 44/45 MP: 3/15
  6811 | D:5      | Learned a level 5 spell: Lee's Rapid Deconstruction
  6952 | D:5      | Reached skill level 1 in Fighting
  7234 | D:6      | Found a basalt altar of Yredelemnul,
  7282 | D:6      | Reached skill level 1 in Maces & Flails
  7299 | D:6      | Reached skill level 7 in Stealth
  7811 | D:7      | Reached skill level 5 in Dodging
  8697 | D:8      | Found a shimmering blue altar of Sif Muna,
  8876 | D:8      | Reached skill level 1 in Invocations
  8954 | D:8      | Noticed Maggie
  9050 | D:8      | Noticed a moth of wrath
  9053 | D:8      | Found a bloodstained altar of Trog,
  9071 | D:8      | Found a runed translucent gate,
  9072 | D:8      | Found a runed translucent gate,
  9073 | D:8      | Found a runed translucent gate,
  9075 | D:8      | Noticed hemabe's ghost (novice HuAr)
  9304 | D:8      | Found an ancient bone altar of Kikubaaqudgha,
  9315 | D:8      | Reached *** piety under Makhleb
  9405 | D:8      | Reached XP level 10. HP: 56/56 MP: 16/16
  9602 | D:8      | Killed Maggie
  9602 | D:8      | Reached skill level 8 in Stealth
  9696 | D:7      | Reached skill level 5 in Fighting
 10177 | D:8      | Noticed an ogre mage
 10189 | D:8      | Killed an ogre mage
 10189 | D:8      | Reached skill level 5 in Maces & Flails
 10601 | D:8      | Found a glowing golden altar of the Shining One,
 10710 | D:9      | Found a transporter,
 10798 | D:9      | Found a shadowy altar of Dithmenos,
 10800 | D:9      | Found an opulent altar of Gozag,
 10855 | D:9      | Found a transporter,
 10859 | D:9      | Noticed a toenail golem
 10862 | D:9      | Noticed a thrashing horror
 10899 | D:9      | Noticed a great orb of eyes
 10901 | D:9      | Noticed Soxtaodgh's ghost (journeyman DsGl)
 10991 | D:9      | Reached **** piety under Makhleb
 11750 | D:9      | Reached XP level 11. HP: 66/66 MP: 7/17
 11841 | D:9      | Found a staircase to the Orcish Mines,
 12239 | D:10     | Entered Level 10 of the Dungeon
 12252 | D:10     | Noticed Urug
 12401 | D:10     | Reached ***** piety under Makhleb
 12493 | D:10     | Noticed Fannar
 12527 | D:10     | HP: 3/66 [Fannar/uncursed staff of cold (2)]
 12528 | D:10     | Killed Fannar
 12528 | D:10     | Reached skill level 9 in Stealth
 13047 | D:10     | Killed Urug
 13767 | D:8      | Got a spiked ring mail
 13780 | D:8      | Identified the cursed +0 ring mail of the Bagpipe {rElec
                  | rPois rCorr} (You found it on level 8 of the Dungeon)
 13882 | D:11     | HP: 3/67 [troll (4)]
 13882 | D:11     | Slain by a troll

Levels and vault maps discovered:
D:1:      dpeg_arrival_rooms_a, layout_basic, grunt_decor_cap
D:2:      layout_basic, zin_treasury, first_ration
D:3:      kennysheep_slugbush, layout_loops_ring, nicolae_ashenzari_panopticon,
          makhleb_grotto_becter, uniq_sigmund, uniq_grinder
D:4:      layout_loops_ring, kennysheep_little_box,
          eat_drink_and_be_merry_uskayaw, minmay_temple_entry_grid,
          uniq_eustachio, uniq_menkaure
D:5:      layout_basic, lemuel_round_altar
D:6:      layout_basic, kennysheep_mini_moat
D:7:      statuecave_lemuel, layout_basic
D:8:      layout_cave_pools, lemuel_mausoleum_altar_kikubaaqudgha,
          old_standard_altar, tgw_trog, lemuel_coloured_pillars_altar,
          serial_park, ebering_ghost_rock_garden, skrybe_limestone_x,
          minmay_three_doors, uniq_maggie
D:9:      layout_roguey [special_room_orc],
          chequers_temple_overflow_statue_of_worship, david_orc_4,
          gammafunk_ghost_abyssal_escape, grunt_ogre_cave,
          kennysheep_big_empty_room, hangedman_corner_corridor
D:10:     layout_loops_ring, kennysheep_generic_room_9, uniq_fannar, uniq_urug
D:11:     layout_roguey, erik_lair_orcish_takeover, minmay_misc_feat_nine_boxes

Skill      XL: |  1  2  3  4  5  6  7  8  9 10 11 |
---------------+----------------------------------+-----
Earth Magic    | 4 5 6 7 8 |  8.1
Dodging        | 2 3 4 5 6 |  6.3
Stealth        | 3 4 5 6 7 8 9 |  9.1
Conjurations   | 1 2 4 |  4.0
Transmutations | 1 2 3 |  3.0
Spellcasting   | 4 |  4.0
Fighting       | 4 6 7 |  7.4
Maces & Flails | 4 6 7 |  7.1
Invocations    | 1 3 4 |  4.5

Action                   |  1- 3 |  4- 6 |  7- 9 | 10-12 || total
-------------------------+-------+-------+-------+-------++-------
Melee: Dagger            |    52 |    87 |   155 |       ||   294
       Flail             |       |       |   146 |   290 ||   436
Throw: Dart              |       |       |     3 |     3 ||     6
 Cast: Sandblast         |    27 |    52 |    81 |    41 ||   201
       Stone Arrow       |       |     1 |    57 |    69 ||   127
Invok: Minor Destruction |       |       |       |    19 ||    19
       Lesser Servant of |       |       |       |     6 ||     6
  Use: Scroll            |       |       |     6 |     5 ||    11
 Stab: Sleeping          |       |     4 |    11 |    12 ||    27
       Distracted        |       |       |       |     5 ||     5
  Eat: Chunk             |     4 |     8 |    15 |    19 ||    46
       Ration            |       |       |     2 |       ||     2
Armor: Robe              |    19 |    47 |   157 |    38 ||   261
       Ring mail         |       |       |       |    98 ||    98
       Leather armour    |       |       |       |     4 ||     4
Dodge: Dodged            |    39 |    81 |   236 |   218 ||   574

Table legend:
 A = Non-vault XP
 B = Vault XP
 C = Vault XP percentage of total XP
 D = Non-vault monster count
 E = Vault monster count
 F = Vault count percentage of total count
                 A         B        C        D         E       F
            +---------+---------+-------+---------+---------+-------
      Total |    7004 |    5828 |  45.4 |     185 |      89 |  32.5
            +---------+---------+-------+---------+---------+-------
        D:1 |      36 |       0 |   0.0 |      16 |       0 |   0.0
        D:2 |      70 |       0 |   0.0 |      14 |       0 |   0.0
        D:3 |     177 |     588 |  76.9 |      26 |      13 |  33.3
        D:4 |     264 |     365 |  58.0 |      16 |       2 |  11.1
        D:5 |     644 |       0 |   0.0 |      12 |       0 |   0.0
        D:6 |     888 |       0 |   0.0 |      32 |       0 |   0.0
        D:7 |     780 |       0 |   0.0 |       8 |       0 |   0.0
        D:8 |    1354 |    1615 |  54.4 |      20 |      20 |  50.0
        D:9 |    1200 |    1825 |  60.3 |      23 |      51 |  68.9
       D:10 |    1404 |    1435 |  50.5 |      17 |       3 |  15.0
       D:11 |     187 |       0 |   0.0 |       1 |       0 |   0.0
            +---------+---------+-------+---------+---------+-------
